 Dungeon Crawl Stone Soup version 0.32-a0-666-ge8a88695a4 (webtiles) character file.

Game seed: 13613159585950996624

4435 ezpacito the Trooper (level 10, -7/77 HPs)
             Began as a Coglin Chaos Knight on Mar 10, 2024.
             Was a Plaything of Xom.
             Killed from afar by an acid dragon (24 damage)
             ... with a splash of acid
             ... on level 9 of the Dungeon.
             The game lasted 00:08:28 (6292 turns).

ezpacito the Trooper (Coglin Chaos Knight)          Turns: 6292, Time: 00:08:29

Health: -7/77      AC:  8    Str: 14    XL:     10   Next: 36%
Magic:  13/13      EV: 14    Int: 16    God:    Xom [...*..]
Gold:   399        SH:  0    Dex: 16    Spells: 4/15 levels left

rFire   x . .        k - +8 mace "Inukh" {flame, rC+++}
rCold   + + +        s - +0 flail "Earthworm" {freeze, rC+ Dex+4 SInv}
rNeg    + + .        b - +3 leather armour of the Dancing Gods {rPois rF- rN++ SInv}
rPois   +            (helmet restricted)
rElec   .            j - +1 cloak
rCorr   .            p - +0 pair of gloves
SInv    +            (no boots)
Will    .....        (amulet unavailable)
Stlth   ++           (ring unavailable)
HPRegen 0.32/turn    (ring unavailable)
MPRegen 0.13/turn    (no gizmo)

%: random rage (3%)
@: corroded, cleaving, hasted, revved, very quick
A: off-hand wielding, slow wielding, warmup strikes, no jewellery, antennae 1,
iridescent scales 1, berserk 1, clever 1, low MP 1, weak 1, wild magic 1
a: Invent Gizmo, Renounce Religion


You were on level 9 of the Dungeon.
You worshipped Xom.
You were a favourite toy of Xom.
You visited 1 branch of the dungeon, and saw 9 of its levels.

You collected 399 gold pieces.

Inventory:

Hand Weapons
 a - a +0 hand axe of chaos {Mei}
 k - the +8 mace "Inukh" (weapon) {flame, rC+++}
   (You found it on level 2 of the Dungeon)

   rC+++:     It renders you almost immune to cold.
 m - a +0 trident
 s - the +0 flail "Earthworm" (offhand) {freeze, rC+ Dex+4 SInv}
   (You found it on level 3 of the Dungeon)

   Dex+4:     It affects your dexterity (+4).
   rC+:       It protects you from cold.
   SInv:      It lets you see invisible.
 w - a +1 heavy war axe
Missiles
 g - 5 atropa-tipped darts (quivered)
 D - 12 poisoned darts
 E - 6 boomerangs
Armour
 b - the +3 leather armour of the Dancing Gods (worn) {rPois rF- rN++ SInv}
   (You found it on level 5 of the Dungeon)

   rF-:       It makes you vulnerable to fire.
   rPois:     It protects you from poison.
   rN++:      It greatly protects you from negative energy.
   SInv:      It lets you see invisible.
 j - a +1 cloak (worn)
 p - a +0 pair of gloves (worn)
 z - a +0 chain mail
 I - +0 steam dragon scales
Talismans
 n - a dragon-blood talisman
 F - a serpent talisman
Wands
 l - a wand of paralysis (7)
 o - a wand of light (13)
 u - a wand of flame (14)
 y - a wand of iceblast (10)
 A - a wand of polymorph (2)
Scrolls
 e - 2 scrolls of vulnerability
 i - a scroll of identify
 r - a scroll of enchant armour
 t - 3 scrolls of teleportation
 x - a scroll of torment
 B - a scroll of blinking
 G - a scroll of acquirement
 H - a scroll of immolation
 J - a scroll of enchant weapon
 K - a scroll of revelation
Potions
 d - a potion of brilliance
 f - a potion of lignification
 v - a potion of cancellation
 C - a potion of magic


   Skills:
 * Level 6.6 Fighting
 * Level 6.6(7.5) Axes
 + Level 3.4(5.2) Maces & Flails
 + Level 3.3(5.1) Polearms
 * Level 5.5 Armour
 * Level 5.5 Dodging
 + Level 3.5 Stealth
 + Level 3.1 Spellcasting
 + Level 4.5 Evocations


You had 4 spell levels left.
You knew the following spells:

 Your Spells              Type           Power      Damage    Failure   Level
a - Ensorcelled Hibernat  Hex/Ice        6%         N/A       43%         2
b - Fugue of the Fallen   Necr           3%         N/A       65%         3
s - Swiftness             Air            3%         N/A       65%         3
A - Ozocubu's Armour      Ice            3%         N/A       65%         3

Your spell library contained the following spells:

 Spells                   Type           Power      Damage    Failure   Level
 Passwall                 Erth           3%         N/A       65%         3
 Manifold Assault         Tloc           3%         N/A       95%         4


Dungeon Overview and Level Annotations

Branches:
Dungeon (9/15)             Temple (0/1) D:7
   Lair: D:8-11         Orc: D:9-12

Altars:
Cheibriados
Gozag
Okawaru
Wu Jian
Xom

Shops:
D:5 (

Annotations:
D:5 1 runed translucent door


Innate Abilities, Weirdness & Mutations

You can wield a second weapon in your off-hand.
It takes a long time for you to wield or remove held weapons.
Your first few attacks do less damage.
You cannot equip rings or amulets.
You have a pair of small antennae on your head.
You are partially covered in iridescent scales. (AC +2)
You sometimes lose your temper in combat.
Your mind is acute. (Int +4, Str/Dex -1)
Your magical capacity is low. (-10% MP)
You are weak. (Str -2)
Your spells are a little harder to cast, but a little more powerful.


Message History

The centaur warrior kicks you but does no damage.
The acid dragon spits acid at you. The splash of acid hits you!
* * * LOW HITPOINT WARNING * * *
The acid corrodes you! The troll misses your butterfly.
The troll closely misses your butterfly.
The troll completely misses your butterfly.
Your ufetubus closely misses the centaur warrior.
Your ufetubus hits the centaur warrior.
You take 9 damage, and have 17/77 hp.
Cleave: k) +8 mace "Inukh" {flame, rC+++}
Press: ? - help, Dir - move target, f/p - centaur warrior
Aim: a centaur warrior (almost dead, very poisoned, ally target, about 22% to evade the +8 mace "Inukh")
You sock the centaur warrior with the +0 flail "Earthworm"!
You freeze the centaur warrior.
You kill the centaur warrior!
You hit the acid dragon but do no damage.
You hit the acid dragon with the +8 mace "Inukh".
You burn the acid dragon.
The acid dragon bites you but does no damage.
The acid dragon misses you.
Cleave: k) +8 mace "Inukh" {flame, rC+++}
Press: ? - help, Dir - move target, f - acid dragon
Aim: an acid dragon (heavily wounded, ally target, about 27% to evade the +8 mace "Inukh")
You hit the acid dragon with the +8 mace "Inukh".
You burn the acid dragon.
The acid dragon is severely wounded.
You hit the acid dragon but do no damage.
Your ufetubus closely misses the acid dragon.
Your ufetubus barely misses the acid dragon.
Your ufetubus hits the acid dragon but does no damage.
Your ufetubus misses the acid dragon.
You hit the acid dragon with the +8 mace "Inukh".
You burn the acid dragon.
The acid dragon is almost dead.
You closely miss the acid dragon with the +0 flail "Earthworm".
The acid dragon spits acid at you. The splash of acid hits you!!
You die...
Xom giggles madly!

#.# .. ..### #.#
##.. .... ##.##
....
#....##...##....
#....#.....#..#
#.....b....b..#
#...#.b...b...#
#....bbb.@b...#
#....b...bD5..#
#......bb.bb..#
#.....Tbbbb.b....
..####.>....b.....
. ....b.........
................
#........########
#...#....#


You could see a troll, an acid dragon (catching breath, ally target) and a
friendly ufetubus (summoned).

Vanquished Creatures
  A centaur warrior (D:9)
  The ghost of audacious124 the Insei, a novice OpSh (D:5)
  4 yaks (D:8)
  3 steam dragons
  Edmund (D:6)
  3 water moccasins
  2 orc warriors (D:8)
  2 ice beasts
  A sky beast (D:7)
  An ogre (D:6)
  A boggart (D:9)
  2 centaurs
  A bullfrog (D:8)
  3 scorpions (D:5)
  A wight (D:8)
  3 killer bees (D:7)
  A howler monkey (D:8)
  3 hounds
  A bombardier beetle (D:4)
  2 jellies
  3 orc priests
  2 sleepcaps (D:6)
  Crazy Yiuf (D:5)
  8 orc wizards
  4 iguanas
  A gnoll (D:1)
  5 adders
  6 white imps
  4 ufetubi (D:7)
  4 ribbon worms
  A dart slug (D:2)
  32 orcs
  8 endoplasms
  4 giant cockroaches
  8 hobgoblins
  10 jackals
  10 kobolds
  4 quokkas
  A ball python (D:1)
  7 bats
  3 frilled lizards
  2 goblins (D:2)
  12 rats
177 creatures vanquished.

Notes
Turn   | Place    | Note
-------+----------+-------------------------------------------
     0 | D:1      | ezpacito the Coglin Chaos Knight began the quest for the
                  | Orb.
     0 | D:1      | Reached XP level 1. HP: 18/18 MP: 1/1
    30 | D:1      | Reached skill level 1 in Dodging
    53 | D:1      | Reached XP level 2. HP: 7/24 MP: 2/2
    84 | D:1      | XOM: silly message
   222 | D:1      | Reached XP level 3. HP: 29/29 MP: 3/3
   706 | D:2      | Identified the +8 mace "Inukh" {flame, rC+++}
   932 | D:2      | Reached XP level 4. HP: 30/35 MP: 5/5
  1094 | D:2      | XOM: smoke on damage
  1223 | D:2      | Reached skill level 1 in Spellcasting
  1284 | D:2      | XOM: stat loss: -1 Str (14/15)
  1347 | D:3      | Identified the +0 flail "Earthworm" {freeze, rC+ Dex+4
                  | SInv}
  1450 | D:3      | Reached skill level 1 in Stealth
  1500 | D:3      | XOM: noise
  1529 | D:3      | Reached skill level 1 in Polearms
  1569 | D:3      | Reached XP level 5. HP: 32/41 MP: 6/6
  1585 | D:3      | XOM: 1-stop teleportation journey
  1760 | D:3      | Found a faded altar of an unknown god.
  1902 | D:3      | XOM: enchant monster (bad)
  2316 | D:4      | XOM is BORED!
  2371 | D:4      | XOM: 2-stop teleportation journey
  2558 | D:4      | Reached skill level 1 in Maces & Flails
  2558 | D:4      | Reached XP level 6. HP: 48/48 MP: 7/7
  2847 | D:5      | Entered Level 5 of the Dungeon
  2865 | D:5      | Identified the +3 leather armour of the Dancing Gods {rPois
                  | rF- rN++ SInv}
  2872 | D:5      | Found a runed translucent door.
  2976 | D:5      | Reached skill level 1 in Evocations
  3087 | D:5      | Found a runed translucent door.
  3190 | D:5      | XOM: smoke on damage
  3195 | D:5      | Reached XP level 7. HP: 50/54 MP: 7/9
  3328 | D:5      | Found a runed translucent door.
  3482 | D:5      | Noticed Crazy Yiuf
  3581 | D:5      | Found Bim Asme's Antique Weapon Shoppe.
  3585 | D:5      | XOM: give mutations
  3585 | D:5      | Gained mutation: Your spells are a little harder to cast,
                  | but a little more powerful. [Xom's mischief]
  3585 | D:5      | Gained mutation: Your body sometimes deteriorates upon
                  | taking damage. [Xom's mischief]
  3585 | D:5      | Gained mutation: Your magical capacity is low. (-10% MP)
                  | [Xom's mischief]
  3585 | D:5      | Gained mutation: You are weak. (Str -2) [Xom's mischief]
  3680 | D:5      | XOM: summons 4 hostile demons
  3681 | D:5      | XOM: scenery: 1 doors open
  3735 | D:5      | Noticed audacious124's ghost (novice OpSh)
  3737 | D:5      | XOM: silly message
  3739 | D:5      | XOM: summons 1 hostile demon
  3748 | D:5      | Killed audacious124's ghost
  3749 | D:5      | Reached XP level 8. HP: 36/61 MP: 9/9
  3754 | D:5      | XOM: cloud trail
  3858 | D:5      | Killed Crazy Yiuf
  3975 | D:6      | XOM: give mutations
  3975 | D:6      | Lost mutation: Your body sometimes deteriorates upon taking
                  | damage. [Xom's mischief]
  3975 | D:6      | Gained mutation: You sometimes lose your temper in combat.
                  | [Xom's mischief]
  3975 | D:6      | Gained mutation: You are partially covered in iridescent
                  | scales. (AC +2) [Xom's mischief]
  4100 | D:6      | Noticed Edmund
  4110 | D:6      | Killed Edmund
  4318 | D:6      | XOM: god gift: dragon-blood talisman
  4487 | D:6      | Reached skill level 5 in Fighting
  4487 | D:6      | Reached skill level 5 in Axes
  4513 | D:6      | XOM: polymorph hound -> endoplasm
  4662 | D:7      | Found a staircase to the Ecumenical Temple.
  4726 | D:7      | Learned a level 2 spell: Ensorcelled Hibernation
  4730 | D:7      | Learned a level 3 spell: Fugue of the Fallen
  4734 | D:7      | Learned a level 3 spell: Ozocubu's Armour
  4738 | D:7      | Learned a level 3 spell: Swiftness
  4796 | D:7      | Reached XP level 9. HP: 68/68 MP: 11/11
  4989 | D:7      | Found a snail-covered altar of Cheibriados.
  4999 | D:7      | Found an opulent altar of Gozag.
  5040 | D:7      | Found an iron altar of Okawaru.
  5098 | D:7      | XOM: scenery: create altars
  5186 | D:7      | XOM: give mutations
  5186 | D:7      | Gained mutation: You have a pair of small antennae on your
                  | head. [Xom's grace]
  5186 | D:7      | Gained mutation: Your mind is acute. (Int +4, Str/Dex -1)
                  | [Xom's grace]
  5347 | D:7      | XOM: confuse monster(s)
  5646 | D:8      | Identified a scroll of acquirement
  5648 | D:8      | XOM: confuse monster(s)
  5846 | D:8      | Reached skill level 5 in Armour
  5859 | D:8      | XOM: 7-stop teleportation journey
  5924 | D:8      | Found an ornate altar of the Wu Jian Council.
  5924 | D:8      | XOM: 8-stop teleportation journey
  5944 | D:8      | Reached skill level 5 in Dodging
  5949 | D:8      | Reached XP level 10. HP: 77/77 MP: 11/12
  6271 | D:9      | Noticed a centaur warrior
  6277 | D:9      | XOM: cleaving
  6288 | D:9      | XOM: summons friendly ufetubus
  6290 | D:9      | Killed a centaur warrior
  6292 | D:9      | Killed from afar by an acid dragon

Illustrated notes

Levels and vault maps discovered:
D:1:      lightli_arrival_windingriver, layout_basic, serial_bayou_pond_e
D:2:      layout_basic, minmay_increasing_density
D:3:      layout_loops_cross, shapermc_ecumenical_altar_flowoftime
D:4:      cheibrodos_quashed, layout_loops_corners
D:5:      layout_cave_pools, ebering_ghost_sewer_f, serial_shops,
          nicolae_shop_advertising_works [nicolae_subvault_shop_adworks],
          nicolae_the_louvre, uniq_crazy_yiuf_cottage
D:6:      layout_basic, uniq_edmund
D:7:      layout_basic, mainiacjoe_overflow_chevrons,
          grunt_temple_overflow_open, minmay_temple_entry_ruins,
          nicolae_letterblocks [nicolae_letter_subblock,
          nicolae_letter_subblock, nicolae_letter_subblock,
          nicolae_letter_subblock, nicolae_letter_subblock,
          nicolae_letter_subblock, nicolae_letter_subblock,
          nicolae_letter_subblock, nicolae_letter_subblock,
          nicolae_letter_subblock, nicolae_letter_subblock,
          nicolae_letter_subblock, nicolae_letter_subblock,
          nicolae_letter_subblock, nicolae_letter_subblock,
          nicolae_letter_subblock, nicolae_letter_subblock,
          nicolae_letter_subblock, nicolae_letter_subblock,
          nicolae_letter_subblock, nicolae_letter_subblock,
          nicolae_letter_subblock, nicolae_letter_subblock,
          nicolae_letter_subblock, nicolae_letter_subblock]
D:8:      layout_basic, nicolae_wu_jian_glorious_leap, kennysheep_generic_room_6
D:9:      layout_grid_maze, old_standard_altar, orc_david_3, enter_bailey_8,
          serial_shops, nicolae_shop_tiny_real_fake_doors,
          nicolae_shop_pleasant_corner_grove, nicolae_shop_window_shopping,
          kb_rosetta, uniq_joseph

Skill      XL: |  1  2  3  4  5  6  7  8  9 10 |
---------------+-------------------------------+-----
Dodging        | 1 2 3 4 5 |  5.5
Armour         | 2 3 4 5 |  5.5
Spellcasting   | 1 2 3 |  3.1
Stealth        | 1 2 3 |  3.5
Polearms       | 1 2 3 |  3.3
Maces & Flails | 1 2 3 |  3.4
Evocations     | 1 2 3 4 |  4.5
Fighting       | 4 5 6 |  6.6
Axes           | 4 5 6 |  6.6

Action                     |  1- 3 |  4- 6 |  7- 9 | 10-12 || total
---------------------------+-------+-------+-------+-------++-------
  Melee: Hand axe          |    45 |    17 |       |       ||    62
         Dagger            |    12 |       |       |       ||    12
         Spear             |    24 |       |       |       ||    24
         Mace              |    16 |    75 |   158 |    20 ||   269
         Flail             |       |    51 |   148 |    20 ||   219
    Use: Scroll            |       |     5 |    12 |     3 ||    20
         Potion            |       |       |       |     6 ||     6
   Stab: Petrifying        |       |     2 |       |       ||     2
         Sleeping          |       |       |     3 |     1 ||     4
         Confused          |       |       |     2 |       ||     2
 Armour: Leather armour    |    32 |    33 |   152 |    21 ||   238
         Chain mail        |       |    35 |       |       ||    35
  Dodge: Dodged            |    23 |    43 |   136 |    22 ||   224

Table legend: (Time is in decaauts)
 A = Elapsed time spent in this place.
 B = Non-inter-level travel time spent in this place.
 C = Inter-level travel time spent in this place.
 D = Time resting spent in this place.
 E = Time spent auto-exploring this place.
 F = Levels seen in this place.
 G = Mean time per level.
                   A        B        C        D        E       F      G
               +--------+--------+--------+--------+--------+-----+--------+
         Total |   6462 |   5965 |    497 |    109 |   4669 |   9 |  718.0 |
       Dungeon |   6462 |   5965 |    497 |    109 |   4669 |   9 |  718.0 |
               +--------+--------+--------+--------+--------+-----+--------+

Top non-repeatable levels by time:
     D:5: 1030 daAuts
     D:7: 938 daAuts
     D:4: 863 daAuts
     D:8: 785 daAuts
     D:3: 776 daAuts
     D:6: 728 daAuts
     D:1: 682 daAuts
     D:2: 635 daAuts
     D:9: 21 daAuts
